 Dungeon Crawl Stone Soup version 0.31.0-12-g77e489cdc1 (webtiles) character file.

Game seed: 9476998930692679962

39 Curundu the Trooper (level 3, -2/40 (49) HPs)
             Began as a Minotaur Berserker on Feb 19, 2024.
             Was a Believer of Trog.
             Slain by Terence
             ... wielding a +2 mace of draining
              (4 damage)
             ... on level 2 of the Dungeon.
             The game lasted 00:02:58 (1311 turns).

Curundu the Trooper (Minotaur Berserker)            Turns: 1311, Time: 00:03:01

HP:   -2/40 (49)    AC:  2    Str: 23    XL:     3   Next: 26%
MP:   2/2           EV: 12    Int:  4    God:    Trog [**....]
Gold: 126           SH:  0    Dex:  9    Spells: 2/2 levels left

rFire   . . .        a - +0 hand axe
rCold   . . .        (no shield)
rNeg    . . .        b - +0 animal skin
rPois   .            (helmet restricted)
rElec   .            (no cloak)
rCorr   .            (no gloves)
SInv    .            (no boots)
Will    ++...        (no amulet) Stlth
                     (no ring)
HPRegen 1.26/turn    (no ring)
MPRegen 0.08/turn

%: no passive effects
@: berserking, strong-willed (expiring), regenerating (expiring), heavily
drained, very quick
A: horns 2, retaliatory headbutt
a: Renounce Religion, Berserk, Trog's Hand


You were on level 2 of the Dungeon.
You worshipped Trog.
Trog was pleased with you.
You visited 1 branch of the dungeon, and saw 2 of its levels.

You collected 126 gold pieces.

Inventory:

Hand Weapons
 a - a +0 hand axe (weapon)
Armour
 b - a +0 animal skin (worn)
Jewellery
 n - a ring of see invisible
Scrolls
 c - a scroll of brand weapon {unknown}
 j - 2 scrolls of poison {unknown}
 l - a scroll of amnesia {unknown}
 m - a scroll of fear {unknown}
Potions
 d - 3 potions of haste {unknown}
 e - a potion of degeneration {unknown}
 f - a potion of attraction {unknown}
 g - a potion of curing {unknown}
 h - a potion of brilliance {unknown}
 i - a potion of mutation {unknown}
 k - a potion of resistance {unknown}


   Skills:
 + Level 4.3 Fighting
 + Level 4.3 Axes
 + Level 2.7 Armour
 + Level 2.6 Dodging


You had 2 spell levels left.
You didn't know any spells.
Your spell library was empty.

Dungeon Overview and Level Annotations

Branches:
Dungeon (2/15)

Altars:

Shops:
D:2 (

Annotations:
D:2 Terence


Innate Abilities, Weirdness & Mutations

You have a pair of horns on your head.
You reflexively headbutt those who attack you in melee.


Message History

Your skin crawls.
You feel strong-willed.
A dart slug comes into view.
You barely miss Terence. Your headbutt misses Terence.
Terence hits you with a +2 mace of draining.
You feel drained.
You hit Terence.
Terence is lightly wounded.
Terence hits you with a +2 mace of draining!
You feel drained.
You hit Terence but do no damage. Your headbutt misses Terence.
Terence is lightly wounded.
Terence hits you with a +2 mace of draining.
You feel drained.
A red film seems to cover your vision as you go berserk!
You feel yourself moving faster!
You feel mighty!
You feel the effects of Trog's Hand fading.
Terence barely misses you.
You slash Terence! Your headbutt misses Terence.
Terence is heavily wounded.
You slash the dart slug!
Terence hits you with a +2 mace of draining!
You feel drained.
You hit Terence.
Terence is severely wounded.
You hit the dart slug.
You kill the dart slug!
Trog accepts your kill.
You completely miss Terence.
Terence is severely wounded.
Terence hits you with a +2 mace of draining!
You feel drained.
* * * LOW HITPOINT WARNING * * *
You barely miss Terence. Your headbutt misses Terence.
Terence is severely wounded.
Terence hits you with a +2 mace of draining!
* * * LOW HITPOINT WARNING * * *
You feel drained.
You die...
Terence says, "Rest in peace."

##'#### #...........#
#..>... #...........#
#...... #........<..#
#...... #...........#
#...... #...........#
#......
#...........#####....>.
#.....@.....+..........
#.....@.......##..)....
######..#####..#.......
#..#(..#..#.......
#..#####..#.......
##...∩....#.......
#.#####..########
#.#(..#..# #.#####..#
#..........


You could see Terence and 2 dancing weapons.

Vanquished Creatures
  A dart slug (D:2)
  3 ball pythons (D:1)
  3 bats (D:1)
  2 endoplasms
  4 giant cockroaches
  3 goblins
  2 hobgoblins (D:1)
  A quokka (D:1)
  A frilled lizard (D:1)
  5 kobolds
  8 rats
33 creatures vanquished.

Notes
Turn   | Place    | Note
-------+----------+-------------------------------------------
     0 | D:1      | Curundu the Minotaur Berserker began the quest for the Orb.
     0 | D:1      | Reached XP level 1. HP: 19/19 MP: 0/0
    91 | D:1      | Reached XP level 2. HP: 21/27 MP: 1/1
   460 | D:1      | Reached ** piety under Trog
   865 | D:2      | Reached XP level 3. HP: 33/33 MP: 2/2
  1287 | D:2      | Noticed a +0 triple sword
  1288 | D:2      | Found Ykoept's Weapon Shoppe.
  1288 | D:2      | Noticed a +0 giant spiked club
  1300 | D:2      | Noticed Terence
  1311 | D:2      | HP: 2/42 [Terence/+2 mace of draining (11)]
  1311 | D:2      | Slain by Terence

Illustrated notes

Levels and vault maps discovered:
D:1:      giann_bridges, layout_basic
D:2:      layout_basic, serial_shops, nicolae_shop_mannequins, uniq_terence

Skill      XL: |  1  2 |
---------------+-------+-----
Axes           | 4 |  4.3
Fighting       | 4 |  4.3
Armour         | |  2.7
Dodging        | |  2.6

Action                     || total
---------------------------++-------
  Melee: Hand axe          ||    61
         Headbutt          ||     8
 Invoke: Berserk           ||     1
         Trog's Hand       ||     1
 Armour: Animal skin       ||    37
  Dodge: Dodged            ||    41
